 Dungeon Crawl Stone Soup version 0.26-a0-259-g1effd001a9 (webtiles) character file.

Game seed: 16977398840749319107

1757 HoaS the Grappler (level 9, 0/57 HPs)
             Began as a Gargoyle Gladiator on July 25, 2020.
             Slain by an ice beast (5 damage)
             ... on level 6 of the Dungeon.
             The game lasted 00:13:01 (5238 turns).

HoaS the Grappler (Gargoyle Gladiator)              Turns: 5238, Time: 00:13:02

Health: 0/57       AC: 16    Str: 21    XL:     9   Next: 6%
Magic:  9/9        EV: 12    Int:  9    God:
Gold:   309        SH:  0    Dex: 17    Spells: 8/8 levels left

rFire    . . .     SeeInvis .     - Unarmed
rCold    . . .     Faith    .   (no shield)
rNeg     + . .     Spirit   .   w - +0 chain mail
rPois    ∞         Reflect  .   b - +1 helmet
rElec    +         Harm     .   (no cloak)
rCorr    .                      (no gloves)
MR       .....                  (no boots)
Stlth    ..........             (no amulet)
HPRegen  0.19/turn              r - +4 ring of evasion
MPRegen  0.11/turn              l - +6 ring of dexterity

@: no status effects
A: negative energy resistance 1, electricity resistance, unbreathing,
petrification resistance, rot immunity, AC +6
a: no special abilities


You were on level 6 of the Dungeon.
You were not hungry.

You visited 1 branch of the dungeon, and saw 6 of its levels.

You collected 309 gold pieces.

Inventory:

Missiles
 c - 2 throwing nets (quivered)
 i - 40 poisoned darts
 q - 11 javelins
Armour
 b - a +1 helmet (worn)
 w - a +0 chain mail (worn)
Jewellery
 l - a +6 ring of dexterity (right hand)
 n - an uncursed ring of see invisible
 r - a +4 ring of evasion (left hand)
 x - a +4 ring of protection {unknown}
 y - a cursed -4 ring of dexterity
Wands
 u - a wand of random effects (10)
Scrolls
 k - 4 scrolls of remove curse
 m - 2 scrolls of teleportation
 s - a scroll of identify
 t - 3 scrolls of enchant armour
 v - 3 scrolls of blinking
 A - a scroll of magic mapping {unknown}
 C - a scroll of fear
Potions
 a - a potion of cancellation {unknown}
 e - a potion of ambrosia {unknown}
 f - 2 potions of heal wounds {unknown}
 g - 2 potions of mutation {unknown}
 h - 2 potions of berserk rage {unknown}
 j - a potion of curing {unknown}
 o - 2 potions of haste {unknown}
 p - a potion of magic {unknown}
 z - a potion of lignification {unknown}
 B - a potion of resistance {unknown}
Comestibles
 d - 22 rations


   Skills:
 + Level 7.4 Fighting
 - Level 1.7 Throwing
 - Level 2.4 Dodging
 * Level 9.8 Unarmed Combat


You had 8 spell levels left.
You didn't know any spells.
Your spell library was empty.

Dungeon Overview and Level Annotations

Branches:
Dungeon (6/15)
 Temple: D:4-7

Altars:
Wu Jian


Innate Abilities, Weirdness & Mutations

You are resistant to torment.
Your stone body is resilient. (AC +6)
You are immune to poison.
You resist negative energy. (rN+)
You are resistant to electric shocks. (rElec)
You can survive without breathing.
You are immune to petrification.
You are immune to rotting.


Message History

The wight hits you but does no damage. The wight hits you but does no damage.
The wight hits you from afar with a +4 halberd.
* * * LOW HITPOINT WARNING * * *
The wight hits you but does no damage.
A jackal zombie comes into view.
The jackal zombie moves out of view.
The jackal zombie barely misses you. The jackal zombie closely misses you.
The jackal zombie bites you but does no damage.
The jackal zombie barely misses you.
An ice beast and a skeleton come into view.
The jackal zombie bites you but does no damage.
The ice beast closely misses you.
You punch the ice beast!
The ice beast is moderately wounded.
The ice beast hits you.
* * * LOW HITPOINT WARNING * * *
The ice beast freezes you.
You die...

..#
♣♣.zz♣♣♣♣
#.
♣♣.♣z♣.♣♣
♣♣♣♣...♣♣♣
♣♣♣.♣.♣
♣♣z.♣
♣Zz♣♣
♣♣z♣♣
♣♣..♣
♣@♣♣♣ ♣Y♣
♣Z♣ .♣♣ .
♣. .♣ .


You could see an ice beast, 3 wights, a jackal zombie and a hound skeleton.

Vanquished Creatures
  Prince Ribbit (D:5)
  Sigmund (D:4)
  Edmund (D:3)
  Menkaure (D:4)
  A phantom (D:5)
  A sky beast (D:5)
  A centaur (D:6)
  A bullfrog (D:6)
  A wyvern zombie (D:6)
  A scorpion (D:5)
  A wight (D:6)
  2 howler monkeys (D:4)
  A centaur zombie (D:5)
  2 hounds (D:4)
  A centaur skeleton (D:4)
  A jelly (D:5)
  A bullfrog skeleton (D:2)
  Terence (D:2)
  An iguana (D:3)
  3 orc wizards
  3 worker ants
  A hound zombie (D:6)
  Robin (D:2)
  4 gnolls
  7 adders
  A shadow imp (D:5)
  2 white imps
  An ooze (D:4)
  An adder zombie (D:5)
  A worm (D:2)
  2 dart slugs (D:1)
  3 leopard geckos
  13 orcs
  4 giant cockroaches
  7 hobgoblins
  6 jackals (D:2)
  2 quokkas
  3 bats
  6 frilled lizards
  14 goblins
  A jackal skeleton (D:4)
  2 kobolds
  26 rats
135 creatures vanquished.

Notes
Turn   | Place    | Note
-------+----------+-------------------------------------------
     0 | D:1      | HoaS the Gargoyle Gladiator began the quest for the Orb.
     0 | D:1      | Reached XP level 1. HP: 12/12 MP: 1/1
   247 | D:1      | Reached XP level 2. HP: 18/18 MP: 2/2
  1128 | D:2      | Noticed Terence
  1150 | D:2      | Killed Terence
  1150 | D:2      | Reached skill level 4 in Unarmed Combat
  1150 | D:2      | Reached XP level 3. HP: 21/23 MP: 3/3
  1229 | D:2      | Reached XP level 4. HP: 24/28 MP: 4/4
  1376 | D:2      | Noticed Robin
  1411 | D:2      | Killed Robin
  1544 | D:2      | Reached XP level 5. HP: 29/32 MP: 5/5
  1793 | D:2      | Reached skill level 5 in Unarmed Combat
  2598 | D:3      | Found an ornate altar of the Wu Jian Council.
  2871 | D:3      | Reached XP level 6. HP: 38/38 MP: 6/6
  3103 | D:3      | Reached skill level 6 in Unarmed Combat
  3360 | D:4      | Noticed Menkaure
  3396 | D:4      | Killed Menkaure
  3396 | D:4      | Reached XP level 7. HP: 25/44 MP: 7/7
  3544 | D:4      | Reached skill level 5 in Fighting
  3578 | D:4      | Noticed Edmund
  3578 | D:4      | Noticed Sigmund
  3655 | D:3      | Reached skill level 7 in Unarmed Combat
  3657 | D:3      | Killed Edmund
  3794 | D:4      | Killed Sigmund
  3924 | D:4      | Reached XP level 8. HP: 51/51 MP: 8/8
  4058 | D:4      | Reached skill level 8 in Unarmed Combat
  4175 | D:5      | Entered Level 5 of the Dungeon
  4465 | D:5      | Noticed Prince Ribbit
  4518 | D:5      | Killed Prince Ribbit
  4518 | D:5      | Reached skill level 9 in Unarmed Combat
  5213 | D:6      | Reached XP level 9. HP: 29/57 MP: 9/9
  5238 | D:6      | Slain by an ice beast

Illustrated notes

Levels and vault maps discovered:
D:1:      scummos_arrival_simple_crosswalls, layout_basic, chequers_jeans
D:2:      minmay_recursive_quarters, layout_basic, first_ration,
          minmay_misc_feat_hallway, minmay_rat_hole, uniq_robin, uniq_terence
D:3:      layout_loops_corners, nicolae_overflow_hidden_temple, serial_glass,
          glass_columns_b, glass_columns_a
D:4:      layout_rooms, sigmund_edmund_badplayer, uniq_menkaure
D:5:      layout_basic, minmay_misc_feat_tower, uniq_prince_ribbit1,
          uniq_sigmund
D:6:      kb_forest_paths, layout_cave_pools, kennysheep_mini_moat,
          chequers_temple_overflow_minitemple

Skill      XL: |  1  2  3  4  5  6  7  8 |
---------------+-------------------------+-----
Fighting       | 3 4 5 7 |  7.4
Unarmed Combat | 4 5 6 7 9 |  9.8
Throwing       | |  1.7
Dodging        | |  2.4

Action                   |  1- 3 |  4- 6 |  7- 9 || total
-------------------------+-------+-------+-------++-------
Melee: Unarmed           |    88 |   284 |   189 ||   561
       Punch             |       |     4 |     5 ||     9
Throw: Throwing net      |     1 |       |     1 ||     2
Evoke: Wand              |       |       |     4 ||     4
  Use: Scroll            |       |     6 |     1 ||     7
 Stab: Held in net/web   |     2 |       |     1 ||     3
  Eat: Ration            |     1 |     1 |     2 ||     4
Armor: Leather armour    |    34 |    19 |       ||    53
       Ring mail         |       |    80 |       ||    80
       Chain mail        |       |    69 |   102 ||   171
       Scale mail        |       |     7 |       ||     7
Dodge: Dodged            |    63 |   165 |   121 ||   349

Table legend:
 A = Non-vault XP
 B = Vault XP
 C = Vault XP percentage of total XP
 D = Non-vault monster count
 E = Vault monster count
 F = Vault count percentage of total count
                 A         B        C        D         E       F
            +---------+---------+-------+---------+---------+-------
      Total |    1606 |     904 |  36.0 |      94 |      41 |  30.4
            +---------+---------+-------+---------+---------+-------
        D:1 |      21 |       0 |   0.0 |      11 |       0 |   0.0
        D:2 |     121 |     104 |  46.2 |      23 |      37 |  61.7
        D:3 |     249 |     157 |  38.7 |      24 |       1 |   4.0
        D:4 |     293 |     366 |  55.5 |      14 |       2 |  12.5
        D:5 |     488 |     277 |  36.2 |      11 |       1 |   8.3
        D:6 |     434 |       0 |   0.0 |      11 |       0 |   0.0
            +---------+---------+-------+---------+---------+-------
